 Dungeon Crawl Stone Soup version 0.29-a0-323-g050149af67 (webtiles) character file.

Game seed: 5650115465915011575

689 GordonOverkill the Archer (level 7, -1/41 HPs)
             Began as a Deep Elf Hunter on Apr 12, 2022.
             Slain by an ice beast (12 damage)
             ... on level 5 of the Dungeon.
             The game lasted 00:08:11 (4224 turns).

GordonOverkill the Archer (Deep Elf Hunter)         Turns: 4224, Time: 00:08:12

Health: -1/41      AC:  4    Str: 10    XL:     7   Next: 36%
Magic:  9/9        EV: 13    Int: 14    God:
Gold:   258        SH:  5    Dex: 18    Spells: 6/6 levels left

rFire   . . .      SeeInvis +   a - +2 shortbow
rCold   . . .      Faith    .   (shield currently unavailable)
rNeg    . . .      Spirit   .   f - +2 robe "Lainidd" {Will+}
rPois   .          Reflect  +   (no helmet)
rElec   .          Harm     .   (no cloak)
rCorr   .          Rampage  .   (no gloves)
Will    +....                   (no boots)
Stlth   ++........              p - amulet of reflection
HPRegen 0.13/turn               g - ring of see invisible
MPRegen 0.11/turn               (no ring)

@: no status effects
A: no striking features
a: no special abilities


You were on level 5 of the Dungeon.
You visited 1 branch of the dungeon, and saw 5 of its levels.

You collected 258 gold pieces.

Inventory:

Hand Weapons
 a - a +2 shortbow (weapon)
Missiles
 j - a throwing net
Armour
 f - the +2 robe "Lainidd" (worn) {Will+}
   (You found it on level 2 of the Dungeon)

   Will:      It increases your willpower.
Jewellery
 g - a ring of see invisible (left hand)
 o - a +4 ring of evasion
 p - an amulet of reflection (around neck)
Wands
 d - a wand of iceblast (10)
Scrolls
 c - a scroll of immolation
 i - 3 scrolls of teleportation
 k - 2 scrolls of enchant weapon
Potions
 b - a potion of berserk rage
 e - 4 potions of curing
 h - a potion of haste
 l - 2 potions of lignification
 m - a potion of might {unknown}
 n - a potion of ambrosia {unknown}


   Skills:
 + Level 3.3 Fighting
 + Level 10.7 Bows
 - Level 1.0 Armour
 - Level 2.4 Dodging
 - Level 1.2 Stealth


You had 6 spell levels left.
You didn't know any spells.
Your spell library contained the following spells:

 Spells                   Type           Power      Damage    Failure   Level
 Slow                     Hex            0%         N/A       28%         1
 Confusing Touch          Hex            0%         N/A       65%         3
 Conjure Flame            Conj/Fire      0%         6-21      65%         3
 Ignite Poison            Fire/Tmut/Pois 0%         N/A       65%         3
 Vampiric Draining        Necr           0%         2d6       65%         3
 Airstrike                Air            0%         N/A       96%         4
 Sticky Flame             Conj/Fire      0%         2d3       96%         4
 Summon Lightning Spire   Summ/Air       0%         N/A       96%         4
 Fireball                 Conj/Fire      0%         3d3       100%        5
 Lightning Bolt           Conj/Air       0%         1d11      100%        5
 Starburst                Conj/Fire      0%         6d3       100%        6
 Ignition                 Fire           0%         3d3       100%        8


Dungeon Overview and Level Annotations

Branches:
Dungeon (5/15)
 Temple: D:4-7

Altars:


Message History

Press: ? - help, Q - select action, (/) - cycle Shift-Dir - straight line, f/p - ice beast
Aim: an ice beast (moderately wounded, 69% to hit)
You shoot an arrow. The arrow hits the ice beast.
The ice beast is heavily wounded.
Shoot: a) +2 shortbow
Press: ? - help, Q - select action, (/) - cycle Shift-Dir - straight line, f/p - ice beast
Aim: an ice beast (heavily wounded, 69% to hit)
You shoot an arrow. The arrow hits the ice beast.
The ice beast is heavily wounded.
Shoot: a) +2 shortbow
Press: ? - help, Q - select action, (/) - cycle Shift-Dir - straight line, f/p - ice beast
Aim: an ice beast (heavily wounded, 69% to hit)
You shoot an arrow.
The arrow completely misses the ice beast.
The ice beast misses you.
Shoot: a) +2 shortbow
Press: ? - help, Q - select action, (/) - cycle Shift-Dir - straight line, f/p - ice beast
Aim: an ice beast (heavily wounded, 69% to hit)
You shoot an arrow. The arrow hits the ice beast.
The ice beast is severely wounded.
The ice beast closely misses you.
Shoot: a) +2 shortbow
Press: ? - help, Q - select action, (/) - cycle Shift-Dir - straight line, f/p - ice beast
Aim: an ice beast (severely wounded, 69% to hit)
You shoot an arrow.
The arrow hits the ice beast but does no damage.
The ice beast is severely wounded.
The ice beast hits you.
* * * LOW HITPOINT WARNING * * *
The ice beast freezes you!
* * * LOW HITPOINT WARNING * * *
Shoot: a) +2 shortbow
Press: ? - help, Q - select action, (/) - cycle Shift-Dir - straight line, f/p - ice beast
Aim: an ice beast (severely wounded, 69% to hit)
You shoot an arrow. The arrow hits the ice beast.
The ice beast is almost dead.
The ice beast hits you.
* * * LOW HITPOINT WARNING * * *
The ice beast freezes you!
You die...

#......... ........#
#.......(. #.........#
#......... #.........#
#.......[< #.........#
#......... .. #.........#
######........ ...
#.........###...........#.
....#..........##.############
....#.)....)Y@....#
.....#...)...#..###
......#......).(#
.#............##
##.#.....†....##########
#.......)...........#...##
#.###..........#.........##
..........................#
#.##.....................#


You could see an ice beast.

Vanquished Creatures
  2 water moccasins
  An orc warrior (D:5)
  A centaur (D:5)
  An orc priest (D:5)
  2 hounds
  2 orc wizards
  3 gnolls (D:3)
  3 adders
  An ufetubus (D:4)
  A worm (D:4)
  18 orcs
  6 bats
  6 endoplasms
  2 giant cockroaches (D:1)
  12 goblins
  5 hobgoblins
  3 quokkas
  6 ball pythons
  6 frilled lizards
  A kobold (D:1)
  7 rats
89 creatures vanquished.

Notes
Turn   | Place    | Note
-------+----------+-------------------------------------------
     0 | D:1      | GordonOverkill the Deep Elf Hunter began the quest for the
                  | Orb.
     0 | D:1      | Reached XP level 1. HP: 12/12 MP: 3/3
   108 | D:1      | Reached skill level 6 in Bows
   108 | D:1      | Reached XP level 2. HP: 16/16 MP: 4/4
   764 | D:2      | Reached XP level 3. HP: 20/20 MP: 5/5
   857 | D:2      | Identified the +2 robe "Lainidd" {Will+}
  1149 | D:3      | Noticed a water moccasin
  1260 | D:3      | Reached skill level 1 in Armour
  1262 | D:3      | Reached skill level 7 in Bows
  1262 | D:3      | Reached XP level 4. HP: 23/25 MP: 6/6
  1449 | D:3      | Reached skill level 8 in Bows
  1613 | D:3      | Found a faded altar of an unknown god.
  1692 | D:3      | Reached XP level 5. HP: 29/29 MP: 7/7
  2046 | D:3      | Killed a water moccasin
  2047 | D:3      | Reached skill level 9 in Bows
  2306 | D:4      | Reached XP level 6. HP: 20/34 MP: 8/8
  3030 | D:5      | Entered Level 5 of the Dungeon
  3071 | D:5      | Noticed a water moccasin
  3087 | D:5      | Killed a water moccasin
  3088 | D:5      | Reached skill level 10 in Bows
  3446 | D:5      | Noticed an orc warrior
  4095 | D:5      | Reached XP level 7. HP: 40/40 MP: 9/9
  4224 | D:5      | Slain by an ice beast

Illustrated notes

Levels and vault maps discovered:
D:1:      dpeg_arrival_prison, layout_basic, chequers_serial_rivers_micro_b,
          chequers_arboretum
D:2:      layout_basic
D:3:      layout_loops_ring, basic_ecumenical_altar
D:4:      layout_rooms, minmay_three_crescents
D:5:      layout_rooms, serial_curves, eino_curves_04, eino_curves_04,
          minmay_misc_feat_rows

Skill      XL: |  1  2  3  4  5  6  7 |
---------------+----------------------+-----
Bows           | 6 7 8 9 10 | 10.7
Armour         | 1 |  1.0
Fighting       | 2 3 |  3.3
Dodging        | |  2.4
Stealth        | |  1.2

Action                   |  1- 3 |  4- 6 |  7- 9 || total
-------------------------+-------+-------+-------++-------
 Fire: Shortbow          |    73 |   144 |    26 ||   243
  Use: Scroll            |     8 |     4 |       ||    12
       Potion            |       |     2 |       ||     2
Armor: Leather armour    |     4 |       |       ||     4
       Ring mail         |     4 |       |       ||     4
       Robe              |     3 |    12 |       ||    15
Dodge: Dodged            |    11 |    65 |     3 ||    79
Block: Other             |       |    15 |     1 ||    16
       Reflection        |       |     1 |       ||     1

Table legend: (Time is in decaauts)
 A = Elapsed time spent in this place.
 B = Non-inter-level travel time spent in this place.
 C = Inter-level travel time spent in this place.
 D = Time resting spent in this place.
 E = Time spent auto-exploring this place.
 F = Levels seen in this place.
 G = Mean time per level.
                   A        B        C        D        E       F      G
               +--------+--------+--------+--------+--------+-----+--------+
         Total |   4259 |   3985 |    274 |   1375 |   1959 |   5 |  851.8 |
       Dungeon |   4259 |   3985 |    274 |   1375 |   1959 |   5 |  851.8 |
               +--------+--------+--------+--------+--------+-----+--------+

Top non-repeatable levels by time:
     D:4: 1255 daAuts
     D:3: 1048 daAuts
     D:5: 726 daAuts
     D:2: 622 daAuts
     D:1: 606 daAuts
